 Dungeon Crawl Stone Soup version 0.18-a0-1350-g404b4cb (webtiles) character file.

11 ololoev the Firebug (level 2, 0/15 HPs)
             Began as a Deep Elf Fire Elementalist on Feb 18, 2016.
             Slain by an adder (3 damage)
             ... on level 3 of the Dungeon.
             The game lasted 00:01:33 (195 turns).

ololoev the Firebug (Deep Elf Fire Elementalist)     Turns: 195, Time: 00:01:33

Health: 0/15       AC:  2    Str:  5    XL:     2   Next: 13%
Magic:  1/8        EV: 13    Int: 19    God:
Gold:   37         SH:  0    Dex: 15    Spells: 1 memorised, 6 levels left

rFire  . . .     SeeInvis .     (no weapon)
rCold  . . .     Gourm    .     a - +0 robe
rNeg   . . .     Faith    .     (no shield)
rPois  .         Spirit   .     (no helmet)
rElec  .         Dismiss  .     (no cloak)
rCorr  .         Reflect  .     (no gloves)
SustAt .         Harm     .     (no boots)
MR     .....                    (no amulet)
Stlth  ++........               (no ring)
                                (no ring)

@: not resistant to hostile enchantments, unstealthy
A: no striking features
a: no special abilities

Inventory:

Armour
 a - a +0 robe (worn)
Potions
 d - a potion of brilliance {unknown}
 e - a potion of heal wounds {unknown}
 f - a potion of curing {unknown}
 g - a potion of ambrosia {unknown}
Books
 b - a book of Flames

   Spells                             Type                      Level
   a - Flame Tongue                   Conjuration/Fire             1
   b - Throw Flame                    Conjuration/Fire             2
   c - Conjure Flame                  Conjuration/Fire             3
   d - Inner Flame                    Hexes/Fire                   3
   e - Sticky Flame                   Conjuration/Fire             4
   f - Fireball                       Conjuration/Fire             5
Comestibles
 c - 2 bread rations


   Skills:
 - Level 2.4 Dodging
 - Level 2.4 Stealth
 + Level 3.0 Spellcasting
 * Level 2.0 Conjurations
 + Level 3.5 Fire Magic


You had 6 spell levels left.
You knew the following spells:

 Your Spells              Type           Power        Failure   Level  Hunger
a - Flame Tongue          Conj/Fire      ##...        6%          1    None


You were on level 3 of the Dungeon.
You were not hungry.

You visited 1 branch of the dungeon, and saw 3 of its levels.

You collected 37 gold pieces.

.......#........
........#........
.....$..#........
........#........
..g.....#........
........#........
......$.#S.......
........<@...?...
........#########
..........w....
#####..........
#......?...
#..........
#..........
#..........
#..........

Notes
Turn   | Place    | Note
--------------------------------------------------------------
     0 | D:1      | ololoev the Deep Elf Fire Elementalist began the quest for the Orb.
     0 | D:1      | Reached XP level 1. HP: 10/10 MP: 6/6
   107 | D:1      | Reached XP level 2. HP: 13/15 MP: 1/8
   195 | D:3      | Slain by an adder

Dungeon Overview and Level Annotations

Branches:
Dungeon (3/15)

Altars:


Message History

A worm comes into view.
Found a scroll labeled YMITZI VI PUTU.
The goblin unwields an uncursed dagger of draining.
The goblin wields a hunting sling.
The goblin shoots a stone.
The stone hits you but does no damage.
There is a stone staircase leading up here.
You see here a stone.
Casting: Flame Tongue
Confirm with . or Enter, or press ? or * to list all spells.
Aiming: Flame Tongue
Press: ? - help, Shift-Dir - straight line, f - adder
Aim: an adder The flame tongue hits the adder.
The adder appears unharmed.
Casting: Flame Tongue
Confirm with . or Enter, or press ? or * to list all spells.
Aiming: Flame Tongue
Press: ? - help, Shift-Dir - straight line, f/p - adder
Aim: an adder The flame tongue misses the adder.
The goblin shoots a stone.
The stone hits you. The adder closely misses you.
Casting: Flame Tongue
Confirm with . or Enter, or press ? or * to list all spells.
Aiming: Flame Tongue
Press: ? - help, Shift-Dir - straight line, f/p - adder
Aim: an adder The flame tongue hits the adder.
The adder is almost dead.
The adder closely misses you.
The goblin shoots a stone.
The stone hits you.
You hit the adder but do no damage.
The adder is almost dead.
The adder bites you.
The goblin shoots a stone.
The stone hits you. The adder closely misses you.
You barely miss the adder.
The adder is almost dead.
The adder bites you.
A goblin comes into view. It is wielding a dagger.
You miss the adder.
The adder is almost dead.
The adder bites you.
You die...

You could see an adder and a goblin (wandering).

Vanquished Creatures
  2 giant geckos (D:1)
  A goblin (D:1)
  3 hobgoblins (D:1)
  A giant newt (D:1)
  A rat (D:2)
8 creatures vanquished.

Action                   || total
-------------------------++-------
Melee: Unarmed           ||     3
 Cast: Flame Tongue      ||    22

Vault maps used:
D:1:      co_arrival_square_in_a_square_in_a_square, hex_intersection
D:2:      serial_curves, eino_curves_02, eino_curves_02, minmay_quantized,
          uniq_terence, uniq_natasha
D:3:      first_bread
